 Dungeon Crawl Stone Soup version 0.19-GnollCrawlA-1-g03664ee (webtiles) character file.

201979 bananaken the Skirmisher (level 1, -3/19 HPs)
             Began as a Centaur Berserker on Feb 8, 2017.
             Was the Champion of Trog.
             Slain by a gnoll
             ... wielding a +0 whip of electrocution
              (12 damage)
             ... on level 6 of a ziggurat.
             The game lasted 02:52:15 (48861 turns).

bananaken the Skirmisher (Centaur Berserker)       Turns: 48861, Time: 02:52:16

Health: -3/19      AC: 26    Str: 19    XL:     1   Next: 0%
Magic:  0/24       EV: 12    Int:  4    God:    Trog [******]
Gold:   8673       SH:  4    Dex: 15    Spells: 0 memorised, 0 levels left

rFire  + + .     SeeInvis +     V - +9 demon trident (venom)
rCold  + + .     Gourm    .     B - +4 moon troll leather armour {Spirit, Regen++ MP+5}
rNeg   . . .     Faith    .     j - +1 buckler of Experimentation {Regen+ rCorr}
rPois  +         Spirit   +     b - +2 helmet {SInv}
rElec  .         Dismiss  .     D - +2 cloak {+Inv}
rCorr  +         Reflect  .     x - +2 pair of gloves {archery}
SustAt .         Harm     .     U - +4 centaur barding {rF+}
MR     ++...     Clarity  +     I - amulet "Ozacuotz" {Fragile rPois rC++ Regen+ Int-2}
Stlth  ++........               f - ring of magical power
                                k - ring of magical power

@: agile, very slightly contaminated, regenerating, very quick
A: claws 1, hooves 3, thin skeletal structure 1, clarity, deformed body, fire
resistance 1, speed 2, tough skin 3
a: Berserk, Trog's Hand, Brothers in Arms, Burn Spellbooks, Renounce Religion,
Evoke Invisibility
}: 9/15 runes: decaying, slimy, silver, golden, iron, obsidian, icy, bone,
gossamer


You were on level 6 of a ziggurat.
You worshipped Trog.
Trog was exalted by your worship.
You were not hungry.

You visited 16 branches of the dungeon, and saw 82 of its levels.
You visited 1 ziggurat, and saw 6 of its levels.

You collected 12254 gold pieces.
You spent 3581 gold pieces at shops.

Inventory:

Hand Weapons
 V - a +9 demon trident of venom (weapon)
Armour
 b - a +2 helmet of see invisible (worn)
 j - the +1 buckler of Experimentation (worn) {Regen+ rCorr}
   (You found it on level 3 of the Crypt)

   It increases your rate of regeneration.
   It protects you from acid and corrosion.
 x - a +2 pair of gloves of archery (worn)
 B - the +4 moon troll leather armour (worn) {Spirit, Regen++ MP+5}
   (You found it on level 5 of the Pits of Slime)

   It affects your magic capacity (+5).
   It increases your rate of regeneration.
 D - a +2 cloak of invisibility (worn)
 U - a +4 centaur barding of fire resistance (worn)
Rods
 t - a +3 rod of inaccuracy (13/13)
   (You found it on level 7 of Tartarus)
Jewellery
 f - a ring of magical power (right hand)
 k - a ring of magical power (left hand)
 s - a +5 ring of slaying
 I - the amulet "Ozacuotz" (around neck) {Fragile rPois rC++ Regen+ Int-2}
   (You bought it in a shop on level 2 of the Orcish Mines)

   [amulet of regeneration]

   It affects your intelligence (-2).
   It greatly protects you from cold.
   It protects you from poison.
   It increases your rate of regeneration.
   It will be destroyed if unequipped.
Wands
 a - a wand of iceblast (3/15)
 h - a wand of disintegration (12/24)
 i - a wand of heal wounds (2/9)
 J - a wand of enslavement (5/24)
 N - a wand of teleportation (5/9)
 O - a wand of acid (3/15)
 R - a wand of hasting (4/9)
 Y - a wand of paralysis (11/24)
Scrolls
 c - 8 scrolls of fear
 d - 4 scrolls of identify
 g - 14 scrolls of teleportation
 l - 4 scrolls of magic mapping
 m - 11 scrolls of enchant armour
 u - 20 scrolls of remove curse
 w - 4 scrolls of enchant weapon
 y - 2 scrolls of fog
 G - 2 scrolls of summoning
 H - 3 scrolls of brand weapon
 M - 11 scrolls of recharging
 P - 7 scrolls of blinking
Potions
 e - a potion of cancellation
 q - 3 potions of haste
 r - 16 potions of curing
 z - 10 potions of heal wounds
 A - 3 potions of agility
 L - 4 potions of magic
 Q - 2 potions of cure mutation
 T - a potion of invisibility
 X - a potion of resistance
 Z - 6 potions of might
Books
 p - the Compendium of Displacement and Enchantment
   (You found it on level 5 of a ziggurat)

   Spells                             Type                      Level
   a - Corona                         Hexes                        1
   b - Inner Flame                    Hexes/Fire                   3
   c - Portal Projectile              Translocation                3
   d - Summon Mana Viper              Hexes/Summoning              5
   Trog disapproves of the use of such an item.
Miscellaneous
 o - 5 sacks of spiders
 v - a lamp of fire (inert)
 C - 4 phantom mirrors
 E - a figurine of a ziggurat
 F - a fan of gales
 K - a phial of floods
Comestibles
 n - 52 fruits


   Skills:
 + Level 3.0 Fighting
 + Level 2.6 Polearms
 + Level 1.3 Armour
 + Level 1.3 Dodging


You couldn't memorise any spells.
You didn't know any spells.

Dungeon Overview and Level Annotations

Branches:
Dungeon (15/15)            Temple (0/1) D:2            Lair (6/6) D:8
  Swamp (4/4) Lair:4       Spider (4/4) Lair:3        Slime (5/5) Lair:6
    Orc (2/2) D:10            Elf (3/3) Orc:2        Vaults (5/5) D:14
  Crypt (3/3) Vaults:2       Tomb (3/3) Crypt:3      Depths (3/5) D:15
   Hell (1/1)                 Dis (7/7) Hell            Geh (7/7) Hell
    Coc (7/7) Hell            Tar (7/7) Hell

Altars:
Elyvilon
Kikubaaqudgha
Makhleb
Ru
Trog
The Shining One
Jiyva

Shops:
D:6 [   D:11 *   D:13 %   Orc:1 [   Orc:2 }[?=!   Elf:1 %=((   Elf:2 [
Elf:3 *}}=   Vaults:2 !   Vaults:3 [

Portals:
Hell: Lair:6 Depths:1 Depths:2

Annotations:
Dis:7 exclusion: 2 doors
Geh:7 exclusion: 7 doors


Innate Abilities, Weirdness & Mutations

You have hooves in place of feet.
Armour fits poorly on your strangely shaped body.
You cover ground very quickly.
You have extremely tough skin. (AC +3)
You have sharp fingernails.
You have a somewhat thin skeletal structure. (Dex +2, Stealth)
You possess an exceptional clarity of mind.
Your flesh is heat resistant. (rF+)


Message History

The gnoll barely misses you. You block the gnoll's attack.
The gnoll hits you but does no damage. x2
Unknown command.
You puncture the gnoll!
You kill the gnoll!
Trog accepts your kill. The gnoll misses you. The gnoll barely misses you.
The gnoll hits you but does no damage. x2
Unknown command.
You impale the gnoll!!
You kill the gnoll!
Trog accepts your kill. You block the gnoll's attack.
The gnoll hits you with a whip of electrocution.
You are electrocuted!
Ouch! That really hurt!
The gnoll misses you. The gnoll completely misses you. The gnoll misses you.
The gnoll hits you but does no damage. x2; You are electrocuted!
Ouch! That really hurt!
You die...

▓▓▓▓▓▓
.......▓▓
.g.....g▓▓
#...#.ggg▓▓
g.....gggg▓▓
......gggg@▓
......ggg§▓▓
#g.)#..gg▓▓
.g..)..g▓▓
.......▓▓
▓▓▓▓▓▓


You could see 18 gnolls.

Vanquished Creatures
  A spatial vortex (Coc:6)
  4 gnoll sergeants
  1219 gnolls
  The ghost of bananaken the Skirmisher, a weakling CeBe of Trog (Elf:2)
  The ghost of Jod the Stinger, a weakling SpVM of Ru (Swamp:2)
  60 gnoll zombies
  A quokka (Spider:2)
  32 gnoll simulacra
  195 gnoll skeletons
  A plant (Lair:2)
1515 creatures vanquished.

Vanquished Creatures (collateral kills)
  7 gnoll sergeants (Vaults:5)
  35 gnolls
42 creatures vanquished.

Vanquished Creatures (others)
  34 gnolls
34 creatures vanquished.

Grand Total: 1591 creatures vanquished

Notes
Turn   | Place    | Note
-------+----------+-------------------------------------------
     0 | D:1      | bananaken the Centaur Berserker began the quest for the Orb.
     0 | D:1      | Reached XP level 1. HP: 19/19 MP: 1/1
  2117 | D:1      | Reached ** piety under Trog
  2369 | D:2      | Found a staircase to the Ecumenical Temple.
  4609 | D:4      | Reached *** piety under Trog
  5612 | D:5      | Entered Level 5 of the Dungeon
  6586 | D:5      | Found a bloodstained altar of Trog.
  7333 | D:6      | Found Reonuid's Antique Armour Shoppe.
  7540 | D:6      | Bought a pair of runed gloves for 112 gold pieces
  7878 | D:6      | Got a pair of polished gloves
  7879 | D:6      | Identified the cursed -2 pair of gloves of Youthful Indiscretion {rElec MR- Str+2} (You found it on level 6 of the Dungeon)
  7994 | D:6      | Found a sacrificial altar of Ru.
  8446 | D:7      | Reached **** piety under Trog
  8919 | D:8      | Found a staircase to the Lair.
  9445 | Lair:1   | Entered Level 1 of the Lair of Beasts
 12318 | Lair:3   | Found a hole to the Spider Nest.
 12614 | Lair:3   | Gained mutation: Your body sometimes deteriorates upon taking damage. [potion of mutation]
 12614 | Lair:3   | Gained mutation: You are weak. (Str -2) [potion of mutation]
 12614 | Lair:3   | Gained mutation: You are clumsy. (Dex -2) [potion of mutation]
 12615 | Lair:3   | Lost mutation: You are weak. (Str -2) [potion of cure mutation]
 12615 | Lair:3   | Lost mutation: You are clumsy. (Dex -2) [potion of cure mutation]
 12615 | Lair:3   | Lost mutation: Your body sometimes deteriorates upon taking damage. [potion of cure mutation]
 12952 | Lair:3   | Identified Baurep's Collected Works on Boosting Air
 13484 | Lair:4   | Identified a scroll of acquirement
 13613 | Lair:4   | Reached ***** piety under Trog
 13774 | Lair:4   | Found a staircase to the Swamp.
 13906 | Lair:4   | Received a gift from Trog
 15351 | Lair:6   | Entered Level 6 of the Lair of Beasts
 15755 | Lair:6   | Found a burning altar of Makhleb.
 15760 | Lair:6   | Found a gateway to Hell.
 15861 | Lair:6   | Gained mutation: You tend to lose your temper in combat. [potion of mutation]
 15861 | Lair:6   | Gained mutation: You expend magic power (3 MP) to strengthen your wands. [potion of mutation]
 15862 | Lair:6   | Lost mutation: You tend to lose your temper in combat. [potion of cure mutation]
 15862 | Lair:6   | Lost mutation: You expend magic power (3 MP) to strengthen your wands. [potion of cure mutation]
 16463 | Lair:6   | Found a staircase to the Slime Pits.
 16606 | Slime:1  | Entered Level 1 of the Pits of Slime
 17024 | Slime:5  | Entered Level 5 of the Pits of Slime
 17170 | Slime:5  | Noticed a gnoll sergeant
 17180 | Slime:5  | Killed a gnoll sergeant
 17193 | Slime:5  | Found a viscous altar of Jiyva.
 17356 | Slime:5  | Got a bloodstained mace
 17532 | Slime:5  | Got a polished morningstar
 17536 | Slime:5  | Got an ichor-stained triple sword
 17573 | Slime:5  | Received a gift from Trog
 17595 | Slime:5  | Identified the cursed +2 triple sword "Meki" {freeze, rC+ MR- Int+5} (You found it on level 5 of the Pits of Slime)
 17624 | Slime:5  | Got a slimy rune of Zot
 17648 | Slime:5  | Identified the +5 mace of the Empty Page {antimagic, rElec rC+ Str+6} (You found it on level 5 of the Pits of Slime)
 17649 | Slime:5  | Identified the +1 morningstar of the Wolf {antimagic, MR+ Int+4} (You found it on level 5 of the Pits of Slime)
 18058 | Spider:1 | Entered Level 1 of the Spider Nest
 20446 | Spider:4 | Entered Level 4 of the Spider Nest
 20495 | Spider:4 | Reached ****** piety under Trog
 20594 | Spider:4 | Received a gift from Trog
 20790 | Spider:4 | Got a gossamer rune of Zot
 21092 | Swamp:1  | Entered Level 1 of the Swamp
 22078 | Swamp:2  | Noticed Jod's ghost (weakling SpVM)
 22103 | Swamp:2  | Killed Jod's ghost
 23138 | Swamp:4  | Entered Level 4 of the Swamp
 23268 | Swamp:4  | Received a gift from Trog
 23368 | Swamp:4  | Got a decaying rune of Zot
 23961 | Hell     | Entered the Vestibule of Hell
 24028 | Hell     | Found a gateway to the Iron City of Dis.
 24095 | Hell     | Found a gateway to the freezing wastes of Cocytus.
 24202 | Hell     | Found a gateway to the decaying netherworld of Tartarus.
 24255 | Hell     | Found a gateway to the ashen valley of Gehenna.
 25134 | D:10     | Entered Level 10 of the Dungeon
 25397 | D:10     | Found a staircase to the Orcish Mines.
 25815 | Orc:1    | Entered Level 1 of the Orcish Mines
 26012 | Orc:1    | Found Afys's Armour Boutique.
 26118 | Orc:1    | Received a gift from Trog
 26283 | Orc:2    | Entered Level 2 of the Orcish Mines
 26419 | Orc:2    | Found Vyataodgh's Distillery.
 26427 | Orc:2    | Bought a potion of berserk rage for 70 gold pieces
 26427 | Orc:2    | Bought a potion of cure mutation for 350 gold pieces
 26427 | Orc:2    | Gained mutation: You have a somewhat thin skeletal structure. (Dex +2, Stealth) [potion of mutation]
 26427 | Orc:2    | Gained mutation: You expend magic power (3 MP) to strengthen your wands. [potion of mutation]
 26427 | Orc:2    | Gained mutation: You are robust. (+10% HP) [potion of mutation]
 26429 | Orc:2    | Gained mutation: You are agile. (Dex +2) [potion of mutation]
 26429 | Orc:2    | Gained mutation: Scrolls take you a little longer to read. [potion of mutation]
 26429 | Orc:2    | Gained mutation: Scrolls take you longer to read. [potion of mutation]
 26430 | Orc:2    | Lost mutation: You are agile. (Dex +2) [potion of cure mutation]
 26430 | Orc:2    | Lost mutation: You expend magic power (3 MP) to strengthen your wands. [potion of cure mutation]
 26430 | Orc:2    | Lost mutation: You are robust. (+10% HP) [potion of cure mutation]
 26430 | Orc:2    | Lost mutation: Scrolls take you longer to read. [potion of cure mutation]
 26430 | Orc:2    | Lost mutation: Scrolls take you a little longer to read. [potion of cure mutation]
 26431 | Orc:2    | Gained mutation: You have sharp fingernails. [potion of beneficial mutation]
 26432 | Orc:2    | Gained mutation: You possess an exceptional clarity of mind. [potion of beneficial mutation]
 26450 | Orc:2    | Found a staircase to the Elven Halls.
 26527 | Orc:2    | Found Ymnateump's Magic Scroll Shop.
 26530 | Orc:2    | Found Biwkoch's Antique Armour Boutique.
 26531 | Orc:2    | Found Celeh's Jewellery Shop.
 26532 | Orc:2    | Found Uggapyuph's Gadget Shop.
 26535 | Orc:2    | Bought a +5 ring of slaying for 1591 gold pieces
 26535 | Orc:2    | Bought the amulet "Ozacuotz" {Fragile rPois rC++ Regen+ Int-2} for 684 gold pieces
 26547 | Orc:2    | Bought a scroll of identify for 24 gold pieces
 26547 | Orc:2    | Bought a scroll of enchant weapon for 90 gold pieces
 26547 | Orc:2    | Bought a scroll of identify for 24 gold pieces
 26547 | Orc:2    | Bought a scroll of identify for 24 gold pieces
 26548 | Orc:2    | Bought a wand of paralysis (14/24) for 192 gold pieces
 26799 | Elf:1    | Entered Level 1 of the Elven Halls
 27030 | Elf:1    | Found Jos Soso's Jewellery Shop.
 27034 | Elf:1    | Found Uharorouwk's Weapon Boutique.
 27035 | Elf:1    | Found Zutusky's Antique Weapon Shop.
 27119 | Elf:1    | Found Fovorch's Food Boutique.
 27648 | Elf:2    | Found Bypsat's Antique Armour Shop.
 27888 | Elf:2    | Found a runed gate.
 27888 | Elf:2    | Found a runed gate.
 27888 | Elf:2    | Found a runed gate.
 28060 | Elf:2    | Noticed bananaken's ghost (weakling CeBe)
 28067 | Elf:2    | Killed bananaken's ghost
 28341 | Elf:3    | Entered Level 3 of the Elven Halls
 28442 | Elf:3    | Received a gift from Trog
 28579 | Elf:3    | Found Kiqat's Jewellery Boutique.
 28579 | Elf:3    | Found Sutuada's Gadget Emporium.
 28580 | Elf:3    | Found Zeba's Gadget Emporium.
 28821 | Elf:3    | Found Netu Ada's General Store.
 28969 | Elf:3    | Got a fine shadow dragon armour
 28978 | Elf:3    | Got a spiked plate armour
 28990 | Elf:3    | Identified the +10 shadow dragon armour "Foleq" {Int+2 Stlth++++} (You found it on level 3 of the Elven Halls)
 28991 | Elf:3    | Identified the cursed +0 plate armour of Supple Strength {Dex+4} (You found it on level 3 of the Elven Halls)
 29491 | D:11     | Found Tetzen's General Store.
 30399 | D:13     | Found Xyse's Food Emporium.
 30427 | D:13     | Received a gift from Trog
 30680 | D:13     | Found a glowing golden altar of the Shining One.
 31403 | D:14     | Found a gate to the Vaults.
 31778 | Vaults:1 | Entered Level 1 of the Vaults
 31993 | Vaults:1 | Received a gift from Trog
 32686 | Vaults:1 | Got a blackened plate armour
 32687 | Vaults:1 | Identified the cursed +1 plate armour of the Jackalope {-Tele rC+ Str+4} (You found it on level 1 of the Vaults)
 32903 | Vaults:2 | Found a staircase to the Crypt.
 32935 | Crypt:1  | Entered Level 1 of the Crypt
 33514 | Crypt:2  | Got an ancient jade ring
 33516 | Crypt:2  | Identified the ring of the Will of the Gods {rF+ SInv} (You found it on level 2 of the Crypt)
 34277 | Crypt:3  | Entered Level 3 of the Crypt
 34506 | Crypt:3  | Got a warped buckler
 34507 | Crypt:3  | Identified the +1 buckler of Experimentation {Regen+ rCorr} (You found it on level 3 of the Crypt)
 35015 | Crypt:3  | Found a staircase to the Tomb.
 35951 | Crypt:1  | Gained mutation: Your magical capacity is low. (-10% MP) [potion of mutation]
 35951 | Crypt:1  | Lost mutation: Your magical capacity is low. (-10% MP) [potion of mutation]
 35951 | Crypt:1  | Gained mutation: Your flesh is heat resistant. (rF+) [potion of mutation]
 36418 | Vaults:2 | Found Fosmonn's Distillery.
 36453 | Vaults:3 | Found Ithri's Antique Armour Emporium.
 36462 | Vaults:3 | Bought a runed helmet for 135 gold pieces
 36462 | Vaults:3 | Bought a pair of twisted gloves for 285 gold pieces
 36462 | Vaults:3 | Identified the +2 pair of gloves "Salomot" {+Blink rN+ Dex-5} (You bought it in a shop on level 3 of the Vaults)
 36749 | Vaults:4 | Received a gift from Trog
 37526 | Vaults:5 | Entered Level 5 of the Vaults
 37526 | Vaults:5 | Noticed a gnoll sergeant
 37526 | Vaults:5 | Noticed a gnoll sergeant
 37526 | Vaults:5 | Noticed a gnoll sergeant
 37526 | Vaults:5 | Noticed a gnoll sergeant
 37526 | Vaults:5 | Noticed a gnoll sergeant
 37526 | Vaults:5 | Noticed a gnoll sergeant
 37526 | Vaults:5 | Noticed a gnoll sergeant
 37526 | Vaults:5 | Noticed a gnoll sergeant
 37526 | Vaults:5 | Noticed a gnoll sergeant
 37526 | Vaults:5 | Noticed a gnoll sergeant
 37536 | Vaults:5 | Killed a gnoll sergeant
 37537 | Vaults:5 | Killed a gnoll sergeant
 37539 | Vaults:5 | Killed a gnoll sergeant
 37547 | Vaults:5 | Killed a gnoll sergeant
 37549 | Vaults:5 | Killed a gnoll sergeant
 37549 | Vaults:5 | Killed a gnoll sergeant
 37550 | Vaults:5 | Killed a gnoll sergeant
 37555 | Vaults:5 | Killed a gnoll sergeant
 37561 | Vaults:5 | Killed a gnoll sergeant
 37563 | Vaults:5 | Killed a gnoll sergeant
 37636 | Vaults:5 | Got a translucent large shield
 37638 | Vaults:5 | Identified the +2 large shield of Resilience {Dex+6} (You found it on level 5 of the Vaults)
 37660 | Vaults:5 | Got a scintillating turquoise ring
 37661 | Vaults:5 | Identified the ring of Noengir {MR+ Slay+3 Stlth+} (You found it on level 5 of the Vaults)
 37733 | Vaults:5 | Received a gift from Trog
 38152 | Vaults:5 | Got a silver rune of Zot
 38815 | Tomb:1   | Entered Level 1 of the Tomb of the Ancients
 40230 | Tomb:3   | Entered Level 3 of the Tomb of the Ancients
 40520 | Tomb:3   | Got an iridescent eveningstar
 40521 | Tomb:3   | Identified the +3 eveningstar "Juxzoc" {crush, *Drain rN++ Dex+6} (You found it on level 3 of the Tomb of the Ancients)
 40700 | Tomb:3   | Got a golden rune of Zot
 41663 | D:10     | Got a jewelled crystal plate armour
 41664 | D:10     | Identified the +10 crystal plate armour of Gozag's Pride {-Cast Str+8 Int+3 Dex-3} (You acquired it on level 10 of the Dungeon)
 41886 | Tar:1    | Entered Level 1 of Tartarus
 41886 | Tar:1    | Found a gateway to Hell.
 41916 | Tar:2    | Found a gateway to Hell.
 41933 | Tar:2    | Received a gift from Trog
 41938 | Tar:3    | Found a gateway to Hell.
 42108 | Tar:4    | Found a gateway to Hell.
 42114 | Tar:5    | Found a gateway to Hell.
 42118 | Tar:6    | Found a gateway to Hell.
 42191 | Tar:7    | Entered Level 7 of Tartarus
 42191 | Tar:7    | Found a gateway to Hell.
 42267 | Tar:7    | Found a gateway to Hell.
 42297 | Tar:7    | Found a gateway to Hell.
 42523 | Tar:7    | Identified a +3 rod of inaccuracy (13/13) (You found it on level 7 of Tartarus)
 42762 | Tar:7    | Got a bone rune of Zot
 43093 | Geh:1    | Entered Level 1 of Gehenna
 43093 | Geh:1    | Found a gateway to Hell.
 43107 | Geh:2    | Found a gateway to Hell.
 43114 | Geh:2    | Received a gift from Trog
 43119 | Geh:3    | Found a gateway to Hell.
 43150 | Geh:4    | Found a gateway to Hell.
 43373 | Geh:5    | Found a gateway to Hell.
 43373 | Geh:5    | Found a gateway to Hell.
 43382 | Geh:6    | Found a gateway to Hell.
 43414 | Geh:7    | Entered Level 7 of Gehenna
 43594 | Geh:7    | Got an ancient helmet
 43596 | Geh:7    | Got an iridescent dagger
 43609 | Geh:7    | Identified the +1 helmet "Moric" {rF- Regen+ Int-4 Dex+8} (You found it on level 7 of Gehenna)
 43609 | Geh:7    | Lost intelligence.
 43745 | Geh:7    | Got an obsidian rune of Zot
 43803 | Geh:7    | Got a fine bone ring
 43805 | Geh:7    | Identified the ring "Nozin" {rN+ Str+2} (You found it on level 7 of Gehenna)
 43811 | Geh:7    | Got a transparent gossamer ring
 43813 | Geh:7    | Identified the ring of Immorality {+Fly rF+} (You found it on level 7 of Gehenna)
 43832 | Geh:7    | Found a gateway to Hell.
 43869 | Dis:1    | Entered Level 1 of the Iron City of Dis
 43869 | Dis:1    | Found a gateway to Hell.
 43930 | Dis:2    | Found a gateway to Hell.
 43940 | Dis:2    | Received a gift from Trog
 44077 | Dis:3    | Found a gateway to Hell.
 44106 | Dis:4    | Found a gateway to Hell.
 44160 | Dis:5    | Found a gateway to Hell.
 44165 | Dis:5    | Found a gateway to Hell.
 44279 | Dis:5    | Found a gateway to Hell.
 44306 | Dis:6    | Found a gateway to Hell.
 44311 | Dis:6    | Received a gift from Trog
 44444 | Dis:7    | Entered Level 7 of the Iron City of Dis
 44444 | Dis:7    | Found a gateway to Hell.
 44444 | Dis:7    | Found a gateway to Hell.
 44446 | Dis:7    | Found a gateway to Hell.
 44450 | Dis:7    | Found a gateway to Hell.
 44519 | Dis:7    | Gained mutation: You occasionally shout uncontrollably at your foes. [mutagenic glow]
 44599 | Dis:7    | Gained mutation: You are frail. (-10% HP) [mutagenic glow]
 44620 | Dis:7    | Lost mutation: You occasionally shout uncontrollably at your foes. [potion of cure mutation]
 44620 | Dis:7    | Lost mutation: You are frail. (-10% HP) [potion of cure mutation]
 45005 | Dis:7    | Noticed a spatial vortex
 45010 | Dis:7    | Got an iron rune of Zot
 45103 | Coc:1    | Entered Level 1 of Cocytus
 45103 | Coc:1    | Found a gateway to Hell.
 45161 | Coc:2    | Found a gateway to Hell.
 45196 | Coc:2    | Received a gift from Trog
 45229 | Coc:3    | Found a gateway to Hell.
 45242 | Coc:4    | Found a gateway to Hell.
 45307 | Coc:4    | Found a gateway to Hell.
 45323 | Coc:5    | Found a gateway to Hell.
 45371 | Coc:5    | Found a gateway to Hell.
 45468 | Coc:6    | Found a gateway to Hell.
 45500 | Coc:6    | Noticed a spatial vortex
 45500 | Coc:6    | Noticed a spatial vortex
 45500 | Coc:6    | Noticed a spatial vortex
 45503 | Coc:6    | Killed a spatial vortex
 45529 | Coc:7    | Entered Level 7 of Cocytus
 45529 | Coc:7    | Found a gateway to Hell.
 45529 | Coc:7    | Found a gateway to Hell.
 45529 | Coc:7    | Found a gateway to Hell.
 45636 | Coc:7    | Received a gift from Trog
 45661 | Coc:7    | Got an icy rune of Zot
 46062 | D:15     | Entered Level 15 of the Dungeon
 46124 | D:15     | Found a white marble altar of Elyvilon.
 46380 | D:15     | Found a staircase to the Depths.
 46809 | Depths:1 | Entered Level 1 of the Depths
 46912 | Depths:1 | Found an ancient bone altar of Kikubaaqudgha.
 47763 | Depths:2 | Found a gateway to a ziggurat.
 48228 | Zig:1    | Entered Level 1 of a ziggurat
 48327 | Zig:2    | Entered Level 2 of a ziggurat
 48341 | Zig:2    | Received a gift from Trog
 48412 | Zig:3    | Entered Level 3 of a ziggurat
 48497 | Zig:4    | Entered Level 4 of a ziggurat
 48517 | Zig:4    | Received a gift from Trog
 48556 | Zig:4    | Identified Xuum's Volume of the Mountains and Transmigration
 48703 | Zig:5    | Entered Level 5 of a ziggurat
 48762 | Zig:5    | Identified the Compendium of Displacement and Enchantment
 48827 | Zig:6    | Entered Level 6 of a ziggurat
 48839 | Zig:6    | Received a gift from Trog
 48861 | Zig:6    | Slain by a gnoll

Action                   || total
-------------------------++-------
Melee: Demon trident     ||  2582
       Spear             ||  1029
       Kick              ||   417
       Halberd           ||     8
Invok: Berserk           ||    94
       Burn Spellbooks   ||    23
       Trog's Hand       ||     3
       Brothers in Arms  ||     2
 Abil: Evoke Invisibilit ||     1
Evoke: Wand              ||    64
       Lamp of fire      ||     6
       Sack of spiders   ||     2
       Box of beasts     ||     1
       Phial of floods   ||     1
  Use: Scroll            ||    93
       Potion            ||    37
 Stab: Paralysed         ||     8
       Sleeping          ||     6
       Distracted        ||     2
       Confused          ||     2
       Invisible         ||     2
Armor: Troll leather arm ||  1166
       Chain mail        ||   195
       Leather armour    ||    12
       Animal skin       ||     1
Dodge: Dodged            ||   720
Block: Buckler           ||   192
